 Dungeon Crawl Stone Soup version 0.20.1-1-g8b1a95d (webtiles) character file.

57 theRoog the Chopper (level 3, 0/33 HPs)
             Began as a Minotaur Berserker on Aug 3, 2017.
             Was a Follower of Trog.
             Slain by a gnoll
             ... wielding a +0 spear
              (3 damage)
             ... on level 2 of the Dungeon.
             The game lasted 00:01:16 (1386 turns).

theRoog the Chopper (Minotaur Berserker)            Turns: 1386, Time: 00:01:17

Health: 0/33       AC:  5    Str: 22    XL:     3   Next: 73%
Magic:  2/2        EV:  8    Int:  4    God:    Trog [*.....]
Gold:   50         SH:  7    Dex:  9    Spells: 2/2 levels left

rFire    . . .     SeeInvis .   o - +0 war axe
rCold    . . .     Gourm    .   e - +0 shield
rNeg     . . .     Faith    .   j - +0 ring mail
rPois    .         Spirit   .   (helmet restricted)
rElec    .         Reflect  .   (no cloak)
rCorr    .         Harm     .   (no gloves)
MR       .....                  (no boots)
Stlth    ..........             (no amulet)
Regen    0.2/turn               d - ring of wizardry
MPRegen  0.1/turn               (no ring)

@: lethally poisoned (0 -> -8)
A: retaliatory headbutt, horns 2
a: Berserk, Burn Spellbooks, Renounce Religion


You were on level 2 of the Dungeon.
You worshipped Trog.
Trog was aware of your devotion.
You were not hungry.

You visited 1 branch of the dungeon, and saw 2 of its levels.

You collected 50 gold pieces.

Inventory:

Hand Weapons
 a - a +0 hand axe
 o - a +0 war axe (weapon)
Armour
 b - a +0 animal skin
 e - a +0 shield (worn)
 j - a +0 ring mail (worn)
Jewellery
 d - a ring of wizardry (left hand)
Scrolls
 h - 2 scrolls of identify {unknown}
 l - a scroll of immolation {unknown}
 m - a scroll of noise {unknown}
Potions
 g - a potion of mutation {unknown}
 i - a potion of might {unknown}
 k - 3 potions of magic {unknown}
 n - a potion of curing {unknown}
Comestibles
 c - a bread ration
 f - 4 meat rations


   Skills:
 + Level 4.1 Fighting
 + Level 4.6 Axes
 + Level 2.8 Armour
 + Level 2.6 Dodging
 + Level 0.1 Stealth
 + Level 0.5 Shields


You had 2 spell levels left.
You didn't know any spells.

Dungeon Overview and Level Annotations

Branches:
Dungeon (2/15)

Altars:


Innate Abilities, Weirdness & Mutations

You reflexively headbutt those who attack you in melee.
You have a pair of horns on your head.


Message History

You kill the ball python!
Trog accepts your kill.
You hit the gnoll. You block the gnoll's attack.
The gnoll hits you but does no damage.
You see here a ball python corpse.
The gnoll hits you but does no damage. The adder bites you.
You are poisoned.
The adder poisons you!
You hit the adder but do no damage. Your headbutt misses the adder.
You hit the gnoll but do no damage.
You feel sick. The adder bites you but does no damage.
The gnoll hits you with a spear.
* * * LOW HITPOINT WARNING * * *
The adder bites you but does no damage.
You closely miss the adder. Your headbutt misses the adder.
You hit the gnoll but do no damage. You block the gnoll's attack.
The adder bites you.
* * * LOW HITPOINT WARNING * * *
You are lethally poisoned!
The adder poisons you! The gnoll hits you with a spear.
You die...

..........
..........
#.......##
#...(.....
#.........
#.........
#########gS.......
#........†@.......
#.##(.............
#.....#+#####..
#.....# #.....#
+(....+
#+#.##..(..#
........#)))......
...####.#.........


You could see a gnoll and an adder.

Vanquished Creatures
  An adder (D:2)
  2 gnolls (D:2)
  2 worms (D:2)
  A dart slug (D:1)
  A leopard gecko (D:1)
  2 ball pythons
  3 goblins (D:1)
  2 hobgoblins (D:1)
  A jackal (D:2)
  3 bats (D:1)
  3 kobolds
  A rat (D:1)
22 creatures vanquished.

Notes
Turn   | Place    | Note
-------+----------+-------------------------------------------
     0 | D:1      | theRoog the Minotaur Berserker began the quest for the Orb.
     0 | D:1      | Reached XP level 1. HP: 19/19 MP: 0/0
   388 | D:1      | Reached XP level 2. HP: 25/27 MP: 1/1
   741 | D:2      | Reached XP level 3. HP: 9/33 MP: 2/2
  1386 | D:2      | Slain by a gnoll

Skill      XL: |  1  2 |
---------------+-------+-----
Axes           | 4 |  4.6
Fighting       | 4 |  4.1
Armour         | |  2.8
Dodging        | |  2.6
Stealth        | |  0.1
Shields        | |  0.5

Action                   || total
-------------------------++-------
Melee: Hand axe          ||    42
       Headbutt          ||     7
       War axe           ||     7
Invok: Berserk           ||     1
  Eat: Meat ration       ||     1
Armor: Ring mail         ||    15
       Animal skin       ||     1
Dodge: Dodged            ||    23
Block: Shield            ||    24
